 Dungeon Crawl Stone Soup version 0.31.0-11-ge490571c62 (webtiles) character file.

Game seed: 15085604739667660500

56 Abimelech the Charlatan (level 3, -2/28 HPs)
             Began as a Draconian Artificer on Feb 1, 2024.
             Killed by divine providence
             ... invoked by an orc priest
              (13 damage)
             ... on level 3 of the Dungeon.
             The game lasted 00:03:23 (700 turns).

Abimelech the Charlatan (Draconian Artificer)        Turns: 700, Time: 00:03:24

Health: -2/28      AC:  5    Str: 14    XL:     3   Next: 71%
Magic:  3/3        EV: 12    Int: 13    God:
Gold:   30         SH:  0    Dex: 11    Spells: 2/2 levels left

rFire   . . .        f - +1 whip (venom)
rCold   . . .        (no shield)
rNeg    . . .        (body armour unavailable)
rPois   .            (helmet restricted)
rElec   .            (no cloak)
rCorr   .            (no gloves)
SInv    .            (no boots)
Will    .....        (no amulet)
Stlth   ++           (no ring)
HPRegen 0.24/turn    (no ring)
MPRegen 0.08/turn

%: no passive effects
@: no status effects
A: AC +5, unfitting armour, cold-blooded
a: no special abilities


You were on level 3 of the Dungeon.
You visited 1 branch of the dungeon, and saw 3 of its levels.

You collected 30 gold pieces.

Inventory:

Hand Weapons
 a - a +0 club
 f - a +1 whip of venom (weapon)
Wands
 b - a wand of flame (13) (quivered)
 c - a wand of charming (15)
 d - a wand of iceblast (4)
Potions
 e - a potion of curing
 h - a potion of lignification


   Skills:
 * Level 1.4 Fighting
 * Level 0.9 Maces & Flails
 * Level 2.7 Dodging
 * Level 1.3 Stealth
 * Level 3.8 Evocations


You had 2 spell levels left.
You didn't know any spells.
Your spell library contained the following spells:

 Spells                   Type           Power      Damage    Failure   Level
 Dazzling Flash           Conj/Hex       0%         N/A       67%         3
 Mephitic Cloud           Conj/Alch/Air  0%         N/A       67%         3
 Curse of Agony           Necr           0%         N/A       100%        5
 Silence                  Hex/Air        0%         N/A       100%        5


Dungeon Overview and Level Annotations

Branches:
Dungeon (3/15)

Altars:
Vehumet


Innate Abilities, Weirdness & Mutations

Your plain brown scales are hard. (AC +5)
You cannot fit into any form of body armour.
You are cold-blooded and may be slowed by cold attacks.


Message History

An orc wizard comes into view. It is wielding a +0 dagger.
The orc wizard shouts!
You hit the orc.
The orc is poisoned.
Your tail-slap misses the orc.
The orc is almost dead.
You hear a shout!
The orc barely misses you. The kobold attacks as it pursues you!
The kobold closely misses you.
You hit the kobold.
You kill the kobold!
You kill the orc!
A rat comes into view.
Aiming: Iceblast
Press: ? - help, Shift-Dir - straight line, f - orc wizard
Aim: an orc wizard, wielding a +0 dagger and wearing a +0 robe The mass of ice explodes!
The iceblast engulfs the orc wizard!
The orc wizard is severely wounded.
The iceblast engulfs the orc priest!
The orc priest is severely wounded.
The rat squeaks loudly.
You hear a shout!
You miss the orc wizard.
The orc wizard is severely wounded.
The orc priest invokes the aid of Beogh against you.
Pain shoots through your body!
Unknown command.
You closely miss the orc wizard.
The orc wizard is severely wounded.
The orc priest invokes the aid of Beogh against you.
Beogh smites you!
* * * LOW HITPOINT WARNING * * *
The orc wizard gestures at you while chanting.
The magic dart hits you.
* * * LOW HITPOINT WARNING * * *
You feel better.
The orc wizard casts a spell.
The orc wizard flickers and vanishes!
Deactivating autopickup; reactivate with Ctrl-A.
You barely miss the orc priest.
The orc priest is severely wounded.
The orc priest mumbles some strange prayers to Beogh against you.
Beogh smites you!
You die...

#.# .... ##.##
###....
####...##.......
#.........8.....
####...P.88.....
###......8#. #.
##.....8...#
#..o#.#){....###
#...ro.o@...##
#...##.#...##
#.. #.##### #.#
#.# #.# #.. ###


You could see 3 orc priests and a rat.

Vanquished Creatures
  A hound zombie (D:3)
  2 adders (D:2)
  An orc (D:3)
  A bat (D:1)
  3 endoplasms (D:2)
  2 giant cockroaches
  2 goblins
  2 hobgoblins (D:1)
  2 frilled lizards (D:1)
  4 kobolds
  A rat (D:2)
21 creatures vanquished.

Notes
Turn   | Place    | Note
-------+----------+-------------------------------------------
     0 | D:1      | Abimelech the Draconian Artificer began the quest for the
                  | Orb.
     0 | D:1      | Reached XP level 1. HP: 16/16 MP: 1/1
   227 | D:1      | Reached skill level 1 in Stealth
   227 | D:1      | Reached XP level 2. HP: 18/23 MP: 2/2
   414 | D:2      | Found a radiant altar of Vehumet.
   544 | D:2      | Reached XP level 3. HP: 28/28 MP: 3/3
   700 | D:3      | Killed from afar by an orc priest

Illustrated notes

Levels and vault maps discovered:
D:1:      dpeg_arrival_simpleton_c, layout_basic,
          hellmonk_ecumenical_altar_slurped_away
D:2:      layout_basic, basic_altar, serial_corexii_hall,
          chequers_hall_statues_corner_a, corexii_hall_statues_l,
          chequers_hall_statues_corner_a, corexii_hall_statues_x,
          corexii_hall_statues_u, chequers_hall_statues_wall_a
D:3:      layout_loops_corners, kennysheep_ying_yang, serial_undead,
          serial_undead_d, serial_undead_e, serial_undead_c, serial_undead_a,
          kennysheep_path_1, dreamdust_princess_corridor,
          nicolae_elevator_lobby_asterisk, uniq_sigmund

Skill      XL: |  1 |
---------------+----+-----
Stealth        | 1 |  1.3
Fighting       | |  1.4
Maces & Flails | |  0.9
Dodging        | |  2.7
Evocations     | |  3.8

Action                     || total
---------------------------++-------
  Melee: Whip              ||    49
         Tailslap          ||     6
         Punch             ||     1
  Evoke: Wand              ||     3
    Use: Scroll            ||     2
         Potion            ||     1
 Armour: Skin              ||    20
  Dodge: Dodged            ||    38
